 Dungeon Crawl Stone Soup version 0.20.1-1-g8b1a95d (webtiles) character file.

229 galech the Ruffian (level 5, -7/53 HPs)
             Began as a Troll Monk on Aug 25, 2017.
             Mangled by an ogre
             ... wielding a +0 giant spiked club
              (28 damage)
             ... on level 4 of the Dungeon.
             The game lasted 00:02:49 (1638 turns).

galech the Ruffian (Troll Monk)                     Turns: 1638, Time: 00:02:50

Health: -7/53      AC:  5    Str: 20    XL:     5   Next: 71%
Magic:  4/4        EV: 11    Int:  6    God:
Gold:   141        SH:  0    Dex: 12    Spells: 4/4 levels left

rFire    . . .     SeeInvis .     - Unarmed
rCold    . . .     Gourm    +   (no shield)
rNeg     + . .     Faith    .   a - +0 robe
rPois    .         Spirit   .   (helmet restricted)
rElec    .         Reflect  .   (no cloak)
rCorr    .         Harm     .   (gloves unavailable)
MR       .....                  (boots unavailable)
Stlth    ++........             (no amulet)
Regen    0.6/turn               q - ring of positive energy
MPRegen  0.1/turn               (no ring)

@: no status effects
A: unfitting armour, claws 3, fast metabolism 3, gourmand, regeneration 1,
shaggy fur 1, tough skin 2
a: no special abilities


You were on level 4 of the Dungeon.
You were very full.

You visited 1 branch of the dungeon, and saw 4 of its levels.

You collected 141 gold pieces.

Inventory:

Armour
 a - a +0 robe (worn)
Jewellery
 q - a ring of positive energy (left claw)
Wands
 j - a wand of acid (11/15)
Scrolls
 d - 3 scrolls of remove curse
 g - a scroll of enchant armour {unknown}
 l - 3 scrolls of identify {unknown}
 n - 2 scrolls of enchant weapon {unknown}
 o - a scroll of random uselessness {unknown}
 r - 2 scrolls of blinking {unknown}
 s - a scroll of amnesia {unknown}
 t - a scroll of noise {unknown}
Potions
 c - 5 potions of curing {unknown}
 e - 2 potions of haste {unknown}
 f - a potion of flight {unknown}
 h - 2 potions of mutation {unknown}
 k - a potion of lignification {unknown}
 m - 2 potions of degeneration {unknown}
Comestibles
 b - 3 bread rations
 i - 4 fruits
 p - a meat ration


   Skills:
 + Level 3.0 Fighting
 + Level 3.2 Dodging
 + Level 1.8 Stealth
 + Level 4.7 Unarmed Combat


You had 4 spell levels left.
You didn't know any spells.

Dungeon Overview and Level Annotations

Branches:
Dungeon (4/15)
 Temple: D:4-7

Altars:
Cheibriados
Trog


Innate Abilities, Weirdness & Mutations

You are too large for most types of armour.
You have claws for hands.
Your metabolism is lightning-fast.
You like to eat raw meat.
Your natural rate of healing is unusually fast.
You are covered in fur. (AC +1)
You have very tough skin. (AC +2)


Message History

You are too injured to fight recklessly!
You are too injured to fight recklessly!
You are too injured to fight recklessly!
You see here 11 gold pieces.
You claw the hound skeleton!
The hound skeleton is severely damaged.
The hound skeleton misses you.
You completely miss the hound skeleton.
The hound skeleton is severely damaged.
The hound skeleton bites you but does no damage.
You scratch the hound skeleton.
The hound skeleton is severely damaged.
The hound skeleton closely misses you. The hound skeleton bites you.
You claw the hound skeleton!
You destroy the hound skeleton!
You barely miss the ogre.
The ogre is almost dead.
The ogre hits you with a giant spiked club!!
Ouch! That really hurt!
You die...

#. ###... #.....# # #.....#
.$# ###.....# #..#
#.......######..####
#.#........@O)......
#.#.......###w.###..##
#.#.......# ..... ...
######.#.......########.#.#
.......#............ #.#
.####............... ...
.......#.....##...... #.#
..................... #.#
.......#.....##....[.
#.####


You could see an ogre and a dart slug.

Vanquished Creatures
  An ogre (D:4)
  A hound (D:3)
  A hound skeleton (D:4)
  3 gnolls (D:3)
  An adder (D:2)
  An ooze (D:2)
  An adder skeleton (D:4)
  4 worms
  A dart slug (D:3)
  2 leopard geckos
  4 orcs
  3 giant cockroaches
  3 goblins
  3 hobgoblins
  2 jackals (D:1)
  5 quokkas
  A ball python skeleton (D:4)
  6 bats
  A frilled lizard (D:1)
  5 kobolds
  2 rats
51 creatures vanquished.

Notes
Turn   | Place    | Note
-------+----------+-------------------------------------------
     0 | D:1      | galech the Troll Monk began the quest for the Orb.
     0 | D:1      | Reached XP level 1. HP: 22/22 MP: 0/0
    43 | D:1      | Found a snail-covered altar of Cheibriados.
   239 | D:1      | Reached XP level 2. HP: 28/29 MP: 1/1
   494 | D:2      | Found a bloodstained altar of Trog.
   588 | D:2      | Reached XP level 3. HP: 32/36 MP: 2/2
  1055 | D:3      | Reached XP level 4. HP: 26/44 MP: 3/3
  1472 | D:3      | Reached skill level 4 in Unarmed Combat
  1611 | D:4      | Reached XP level 5. HP: 53/53 MP: 4/4
  1622 | D:4      | Noticed an ogre
  1628 | D:4      | Noticed an ogre
  1629 | D:4      | Killed an ogre
  1638 | D:4      | Mangled by an ogre

Skill      XL: |  1  2  3  4 |
---------------+-------------+-----
Dodging        | 3 |  3.2
Unarmed Combat | 4 |  4.7
Fighting       | 3 |  3.0
Stealth        | |  1.8

Action                   |  1- 3 |  4- 6 || total
-------------------------+-------+-------++-------
Melee: Unarmed           |    94 |    51 ||   145
       Punch             |     1 |       ||     1
  Use: Scroll            |     1 |       ||     1
 Stab: Sleeping          |     4 |     1 ||     5
  Eat: Chunk             |    15 |     4 ||    19
Armor: Robe              |    38 |    14 ||    52
Dodge: Dodged            |    49 |    28 ||    77
